Map: Magannatha LE

Players

mares - Winner!

  • Race: Protoss Protoss
  • Spawn Location: 5:00

HawaiinStyle

  • Race: Terran Terran
  • League: Grandmaster
  • Spawn Location: 11:00

VOD

Have the link to the VOD?

Description

Time

  • Played on: June 7, 2025, 7:50 a.m.
  • Length: 6:06
Show
View Real Time Build Order
Export as new Build Order

mares Protoss - Winner!

Build Orders: 1 Gate Expand, Dark Templar Rush 

Get SALT Encoding   

  12  0:00  Probe  
  13  0:12  Probe  
  14  0:16  Pylon  
  14  0:25  Probe  
  15  0:35  Gateway  
  15  0:38  Probe  
  16  0:45  Assimilator  
  16  0:47  Probe  
  16  0:55  Probe  
  18  1:05  Probe  
  19  1:18  Probe  
  19  1:24  Nexus  
  20  1:34  Cybernetics Core  
  20  1:37  Probe  
  21  1:42  Assimilator  
  21  1:49  Probe  
  21  1:53  Pylon  
  22  2:00  Stalker  
  22  2:01  Probe  
  23  2:12  Warp Gate  
  23  2:14  Probe  
  26  2:25  Stalker  
  26  2:26  Probe  
  29  2:38  Probe  
  29  2:43  Twilight Council  
  30  2:49  Probe  
  30  2:50  Probe  
  31  2:53  Stalker  
  33  3:01  Probe  
  33  3:02  Probe  
  33  3:04  Pylon  
  35  3:14  Probe x2  
  37  3:23  Dark Shrine  
  37  3:29  Robotics Facility  
  37  3:33  Probe x2  
  39  3:35  Stalker  
  41  3:44  Gateway  
  41  3:50  Probe x2  
  43  4:02  Probe x2, Pylon  
  45  4:04  Gateway  
  45  4:08  Gateway  
  45  4:14  Probe x2  
  45  4:15  Warp Prism  
  47  4:17  Shield Battery  
  49  4:32  Probe x2  
  49  4:35  Assimilator  
  49  4:37  Assimilator  
  51  4:40  Dark Templar  
  53  5:00  Dark Templar x2  
  53  5:05  Dark Templar  
  54  5:08  Dark Templar  
  51  5:18  Dark Templar  
  47  5:29  Probe x2  
  47  5:37  Dark Templar  
  49  5:46  Dark Templar  
  48  5:51  Probe x2  
  50  5:58  Pylon  
  50  6:01  Dark Templar  
Show
View Real Time Build Order
Export as new Build Order

HawaiinStyle Terran 

Build Orders: Gas First Reaper Expand 

Get SALT Encoding   

  12  0:00  SCV  
  13  0:13  SCV  
  14  0:19  Supply Depot  
  14  0:25  SCV  
  15  0:29  Refinery  
  15  0:41  SCV  
  16  0:44  Barracks  
  16  0:53  SCV  
  17  1:05  SCV  
  18  1:17  SCV  
  19  1:31  Reaper, Orbital Command  
  20  1:44  Command Center  
  20  1:53  Supply Depot  
  20  1:57  SCV  
  21  2:03  Marine  
  22  2:09  SCV  
  22  2:13  Factory  
  23  2:20  Refinery  
  23  2:21  SCV  
  24  2:24  Barracks Reactor  
  24  2:34  SCV  
  25  2:46  SCV  
  26  2:57  Starport  
  26  2:59  SCV  
  26  3:01  Orbital Command  
  26  3:02  Marine x2  
  26  3:03  Factory Tech Lab  
  29  3:11  SCV  
  30  3:18  Refinery  
  30  3:20  Marine x2  
  30  3:22  Siege Tank  
  30  3:23  SCV  
  37  3:27  SCV  
  37  3:35  SCV  
  37  3:38  Supply Depot  
  37  3:39  Marine, SCV  
  37  3:40  Marine  
  41  3:41  Medivac  
  41  3:47  SCV  
  44  3:51  SCV  
  44  3:53  Supply Depot  
  45  3:58  Marine  
  45  3:59  Siege Tank, Marine, SCV  
  51  4:05  SCV  
  52  4:12  SCV  
  53  4:17  SCV, Liberator  
  53  4:18  Marine x2  
  53  4:19  Barracks  
  59  4:24  SCV, Supply Depot  
  59  4:31  SCV  
  61  4:32  Barracks  
  61  4:36  SCV  
  62  4:44  Engineering Bay  
  62  4:45  Marine x2  
  62  4:46  SCV  
  62  4:48  Supply Depot  
  62  4:49  SCV  
  66  5:00  SCV  
  66  5:01  Siege Tank  
  66  5:03  Supply Depot  
  66  5:04  Starport Tech Lab  
  70  5:09  SCV  
  70  5:12  SCV  
  71  5:15  Marine x3  
  67  5:24  SCV  
  67  5:26  SCV  
  55  5:36  Marine x4  
  55  5:38  Missile Turret  
Tags
 
Add a new tag
Caveats
  • Supply blocks, unpowered buildings, or Contaminate may cause inaccurate times.
  • Supply counts are checked every 10 seconds.